 Dungeon Crawl Stone Soup version 0.32-a0-86-g8db1b9f803 (webtiles) character file.

Game seed: 18168377004599875390

3293 Atlas the Thaumaturge (level 9, 0/46 HPs)
             Began as a Deep Elf Fire Elementalist on Feb 6, 2024.
             Was a Believer of Vehumet.
             Slain by a human
             ... wielding a +0 long sword
              (8 damage)
             ... on level 8 of the Dungeon.
             The game lasted 00:11:46 (8630 turns).

Atlas the Thaumaturge (Deep Elf Fire Elementalist)  Turns: 8630, Time: 00:11:47

Health: 0/46       AC:  4    Str:  5    XL:     9   Next: 69%
Magic:  39/45      EV: 13    Int: 25    God:    Vehumet [**....]
Gold:   423        SH:  5    Dex: 12    Spells: 21/33 levels left

rFire   . . .        x - +6 dagger of Wyrd {holy, rElec rPois MP+9 Dex-3}
rCold   . . .        c - orb {*channel}
rNeg    . . .        a - +0 robe
rPois   +            p - +0 helmet
rElec   +            o - +0 cloak
rCorr   .            (no gloves)
SInv    .            (no boots)
Will    .....        d - amulet of reflection
Stlth   ++           i - ring of magical power
HPRegen 0.27/turn    J - ring of wizardry
MPRegen 0.29/turn

%: reflection, wizardry (x1), channel magic (20%)
@: no status effects
A: no striking features
a: Renounce Religion


You were on level 8 of the Dungeon.
You worshipped Vehumet.
Vehumet was pleased with you.
You visited 2 branches of the dungeon, and saw 9 of its levels.
You also visited: Ossuary.

You collected 423 gold pieces.

Inventory:

Hand Weapons
 x - the +6 dagger of Wyrd (weapon) {holy, rElec rPois MP+9 Dex-3}
   (You found it on level 4 of the Dungeon)

   Dex-3:     It affects your dexterity (-3).
   rElec:     It insulates you from electricity.
   rPois:     It protects you from poison MP+9: It affects your magic capacity
   (+9).
Armour
 a - a +0 robe (worn)
 c - an orb of energy (worn)
 o - a +0 cloak (worn)
 p - a +0 helmet (worn)
Jewellery
 d - an amulet of reflection (around neck)
 i - a ring of magical power (left hand)
 J - a ring of wizardry (right hand)
Wands
 C - a wand of roots (11)
 F - a wand of paralysis (14)
 H - a wand of polymorph (12)
 K - a wand of flame (13)
Scrolls
 f - 3 scrolls of teleportation
 k - 2 scrolls of torment
 n - 2 scrolls of fog
 r - 2 scrolls of vulnerability
 s - 2 scrolls of blinking
 v - a scroll of poison
 w - 2 scrolls of amnesia
 y - 3 scrolls of revelation
 z - 2 scrolls of fear
 A - a scroll of enchant weapon {unknown}
 E - a scroll of enchant armour
 G - a scroll of acquirement {unknown}
 I - a scroll of immolation {unknown}
Potions
 b - 2 potions of magic
 e - a potion of degeneration {unknown}
 g - 2 potions of lignification {unknown}
 h - a potion of ambrosia {unknown}
 j - 2 potions of enlightenment {unknown}
 l - 4 potions of heal wounds
 m - 2 potions of attraction {unknown}
 q - 3 potions of mutation {unknown}
 t - 2 potions of resistance {unknown}
 u - a potion of invisibility {unknown}
 B - 4 potions of curing {unknown}
 D - a potion of brilliance {unknown}


   Skills:
 + Level 0.7 Fighting
 + Level 0.3 Short Blades
 + Level 3.5 Dodging
 - Level 3.0 Stealth
 + Level 0.4 Shields
 + Level 12.6 Spellcasting
 + Level 4.2 Conjurations
 + Level 10.0 Fire Magic


You had 21 spell levels left.
You knew the following spells:

 Your Spells              Type           Power      Damage    Failure   Level
a - Scorch                Fire           100%       2d9       1%          2
b - Foxfire               Conj/Fire      100%       2x1d9     1%          1
c - Flame Wave            Conj/Fire      51%        2d13      3%          4
d - Fireball              Conj/Fire      25%        3d11      6%          5

Your spell library contained the following spells:

 Spells                   Type           Power      Damage    Failure   Level
 Momentum Strike          Conj/Tloc      52%        3d9       3%          2
 Inner Flame              Hex/Fire       40%        N/A       2%          3
 Volatile Blastmotes      Fire/Tloc      80%        2d16      2%          3
 Dazzling Flash           Conj/Hex       52%        N/A       6%          3
 Fulminant Prism          Conj/Alch      13%        3d8       14%         4
 Iskenderun's Mystic Bla  Conj/Tloc      26%        2d7       14%         4
 Starburst                Conj/Fire      25%        6d8       24%         6
 Cause Fear               Hex            7%         N/A       28%         4
 Maxwell's Capacitive Co  Air            7%         ∞         100%        8
 Dragon's Call            Summ           7%         N/A       100%        9


Dungeon Overview and Level Annotations

Branches:
Dungeon (8/15)             Temple (1/1) D:6         Ossuary (visited)
   Lair: D:8-11

Altars:
Ashenzari
Cheibriados
Dithmenos
Elyvilon
Fedhas
Gozag
Hepliaklqana
Kikubaaqudgha
Makhleb
Nemelex Xobeh
Okawaru
Qazlal
Ru
Trog
Uskayaw
Vehumet
Wu Jian
Xom
Yredelemnul
Zin
The Shining One


Message History

The human is heavily wounded. (Press . to intensify the flame waves.) Magical energy flows into your mind!
Unknown command.
A wave of flame ripples out!
The flame wave engulfs the human.
The human is severely wounded.
The flame wave engulfs the human!
The human is moderately wounded.
The human hits you with a +0 long sword!
Unknown command.
A wave of flame ripples out!
The flame wave engulfs the human!
The human is almost dead.
The flame wave engulfs the human!!
The human is severely wounded.
You finish channelling waves of flame.
The human hits you with a +0 long sword!
Unknown command.
Casting: Flame Wave (dangerous; 3% risk of failure)
Confirm with . or Enter, or press ? or * to list all spells.
Flames lash the human.
You kill the human!
Vehumet accepts your kill.
You feel your power returning. Magical energy flows into your mind!
Your Fire Magic skill increases to level 10!
Casting: Scorch (safe; 1% risk of failure)
Confirm with . or Enter, or press ? or * to list all spells.
Flames lash the human but do no damage.
The human hits you with a +0 long sword!
Casting: Scorch (safe; 1% risk of failure)
Confirm with . or Enter, or press ? or * to list all spells.
Flames lash the human.
The human is almost dead.
The human's fire resistance burns away.
The human hits you with a +0 long sword!
* * * LOW HITPOINT WARNING * * *
Casting: Scorch (safe; 1% risk of failure)
Confirm with . or Enter, or press ? or * to list all spells.
Flames lash the human but do no damage.
The human hits you with a +0 long sword!
You die...

#.#.##..# #####[.)####
#.#.##..###### ##..)...
#.#.##.......####..####
#.#.##)............# ##
#.#................# #.
#<#..######..####..# #.
#######.#..# ..#..# #÷.# #.
#..........###..#.#####..# #.
#..........)@p._#.<......###.
#######....###..#..####......
###..# ..#..##........
#..######........####
#..............#.#
#.####.#.#.###.#.# ## #.#
#.#.#.......# #. #.#
#.#....##.### #. #### #.#
#.####.##.# #.


You could see a human (combustible).

Vanquished Creatures
  Grinder (D:2)
  A human (D:8)
  A water moccasin (D:8)
  2 ice beasts (D:6)
  3 orc warriors (D:7)
  A black bear (D:6)
  4 ogres
  2 centaurs
  2 phantoms
  A bullfrog (D:6)
  3 scorpions
  3 killer bees (D:7)
  A howler monkey (D:6)
  A bombardier beetle (D:6)
  A centaur zombie (Ossuary)
  2 jellies (D:8)
  5 orc priests
  6 hounds
  Natasha (thrice) (D:3)
  Terence (D:2)
  2 iguanas
  12 orc wizards
  4 crocodile zombies (Ossuary)
  3 mummies (Ossuary)
  5 adders
  3 gnolls (D:2)
  A shadow imp (D:6)
  2 white imps
  4 dart slugs
  3 ribbon worms
  32 orcs
  5 ball pythons
  5 endoplasms
  5 giant cockroaches
  3 gnoll zombies (Ossuary)
  8 goblins
  7 hobgoblins
  2 kobolds
  A quokka (D:1)
  10 bats
  7 frilled lizards
  3 kobold zombies (Ossuary)
  3 rats (D:2)
174 creatures vanquished.

Vanquished Creatures (others)
  350 foxfires
350 creatures vanquished.

Grand Total: 524 creatures vanquished

Notes
Turn   | Place    | Note
-------+----------+-------------------------------------------
     0 | D:1      | Atlas the Deep Elf Fire Elementalist began the quest for
                  | the Orb.
     0 | D:1      | Reached XP level 1. HP: 10/10 MP: 6/6
   277 | D:1      | Reached XP level 2. HP: 15/15 MP: 0/8
   818 | D:1      | Reached XP level 3. HP: 19/19 MP: 7/10
   821 | D:1      | Learned a level 2 spell: Scorch
  1568 | D:2      | Reached skill level 4 in Spellcasting
  1571 | D:2      | Reached XP level 4. HP: 24/24 MP: 1/12
  1783 | D:2      | Noticed Terence
  1789 | D:2      | Killed Terence
  2452 | D:3      | Noticed Grinder
  2472 | D:2      | Killed Grinder
  2473 | D:2      | Reached skill level 5 in Spellcasting
  2473 | D:2      | Reached skill level 5 in Fire Magic
  2473 | D:2      | Reached XP level 5. HP: 28/28 MP: 8/15
  2473 | D:2      | Reached XP level 6. HP: 32/32 MP: 8/16
  2478 | D:2      | Learned a level 4 spell: Flame Wave
  2580 | D:3      | Found a faded altar of an unknown god.
  2656 | D:3      | Found a burning altar of Makhleb.
  2688 | D:3      | Found a sacrificial altar of Ru.
  2779 | D:3      | Noticed Natasha
  2783 | D:3      | Killed Natasha
  2784 | D:3      | Reached skill level 6 in Spellcasting
  2894 | D:3      | Noticed Natasha
  2899 | D:3      | Killed Natasha
  3031 | D:3      | Noticed Natasha
  3039 | D:3      | Killed Natasha
  3189 | D:3      | Found an ancient bone altar of Kikubaaqudgha.
  3361 | D:3      | Reached XP level 7. HP: 36/36 MP: 19/19
  3557 | D:4      | Identified the +6 dagger of Wyrd {holy, rElec rPois MP+9
                  | Dex-3}
  3693 | D:4      | Found a sparkling altar of Nemelex Xobeh.
  3853 | D:4      | Reached skill level 7 in Spellcasting
  4106 | D:5      | Entered Level 5 of the Dungeon
  4203 | D:5      | Found a white marble altar of Elyvilon.
  4223 | D:5      | Learned a level 5 spell: Fireball
  4583 | D:5      | Reached skill level 8 in Spellcasting
  4952 | D:6      | Reached XP level 8. HP: 26/41 MP: 22/22
  5058 | D:6      | Found a staircase to the Ecumenical Temple.
  5072 | D:6      | Reached skill level 9 in Spellcasting
  5080 | Temple   | Entered the Ecumenical Temple
  5142 | Temple   | Became a worshipper of Vehumet
  5362 | D:6      | Found a hazy altar of Hepliaklqana.
  5646 | D:6      | Reached skill level 10 in Spellcasting
  6182 | D:7      | Found a sand-covered staircase.
  6187 | Ossuary  | Entered an ossuary
  6194 | Ossuary  | Reached * piety under Vehumet
  6194 | Ossuary  | Offered knowledge of Shock by Vehumet.
  6474 | D:7      | Reached XP level 9. HP: 46/46 MP: 23/25
  6693 | D:7      | Reached skill level 11 in Spellcasting
  6863 | D:7      | Reached ** piety under Vehumet
  6863 | D:7      | Offered knowledge of Static Discharge by Vehumet.
  7895 | D:8      | Reached skill level 12 in Spellcasting
  8168 | D:8      | Found an iron altar of Okawaru.
  8295 | D:8      | Found a broken altar of Ashenzari.
  8402 | D:8      | Offered knowledge of Momentum Strike by Vehumet.
  8628 | D:8      | Reached skill level 10 in Fire Magic
  8630 | D:8      | Slain by a human

Illustrated notes

Levels and vault maps discovered:
D:1:      ldierk_walled_garden_2, layout_basic, minmay_misc_feat_room
D:2:      layout_loops_corners, uniq_terence
D:3:      layout_loops_ring, nicolae_ru_awakened_eye, overflow_temple_1_default,
          general_overflow_altar, ebering_ecumenical_altar_webs, uniq_grinder,
          uniq_natasha
D:4:      layout_rooms, old_standard_altar
D:5:      layout_basic, elyvilon_altar_3, serial_rivers,
          chequers_serial_rivers_room_b, chequers_serial_rivers_large_b,
          chequers_serial_rivers_room_a, chequers_serial_rivers_large_a,
          chequers_serial_rivers_micro_e
D:6:      layout_loops_corners, lemuel_crystal_altar,
          minmay_temple_entry_mini_moons, st_stairs_2
D:7:      layout_loops_corners, enter_ossuary_5, grunt_decor_fettered,
          kennysheep_generic_room_13
D:8:      layout_loops_ring, okawaru_humans, nicolae_overflow_crystal_walls,
          serial_library_hellmonk_double_dead_end,
          nicolae_concentric_dashed_squares_wild
Temple:   oiseaux_autumnal_temple

Skill      XL: |  1  2  3  4  5  6  7  8  9 |
---------------+----------------------------+-----
Fire Magic     | 4 5 6 7 9 10 | 10.0
Spellcasting   | 4 5 6 8 10 12 | 12.6
Conjurations   | 2 3 4 |  4.2
Stealth        | 3 |  3.0
Dodging        | 3 |  3.5
Fighting       | |  0.7
Short Blades   | |  0.3
Shields        | |  0.4

Action                     |  1- 3 |  4- 6 |  7- 9 || total
---------------------------+-------+-------+-------++-------
  Melee: Unarmed           |     2 |       |       ||     2
         Dagger            |     4 |     2 |     4 ||    10
   Cast: Foxfire           |    72 |    27 |   100 ||   199
         Scorch            |    13 |    35 |   119 ||   167
         Flame Wave        |       |       |     7 ||     7
         Fireball          |       |       |     6 ||     6
    Use: Scroll            |       |       |    10 ||    10
         Potion            |       |       |     1 ||     1
 Armour: Robe              |     9 |     8 |    59 ||    76
  Dodge: Dodged            |    16 |    15 |    34 ||    65
  Block: Other             |       |       |     2 ||     2

Table legend: (Time is in decaauts)
 A = Elapsed time spent in this place.
 B = Non-inter-level travel time spent in this place.
 C = Inter-level travel time spent in this place.
 D = Time resting spent in this place.
 E = Time spent auto-exploring this place.
 F = Levels seen in this place.
 G = Mean time per level.
                   A        B        C        D        E       F      G
               +--------+--------+--------+--------+--------+-----+--------+
         Total |   8707 |   8464 |    243 |    457 |   6994 |  10 |  870.7 |
       Dungeon |   8394 |   8188 |    206 |    448 |   6792 |   8 | 1049.2 |
        Temple |     81 |     44 |     37 |      0 |     38 |   1 |   81.0 |
       Ossuary |    231 |    231 |      0 |      9 |    164 |   1 |  231.0 |
               +--------+--------+--------+--------+--------+-----+--------+

Top non-repeatable levels by time:
     D:7: 1584 daAuts
     D:2: 1247 daAuts
     D:1: 1214 daAuts
     D:6: 1190 daAuts
     D:3: 977 daAuts
     D:5: 844 daAuts
     D:4: 681 daAuts
     D:8: 654 daAuts
 Ossuary: 231 daAuts
  Temple: 81 daAuts
